 Dungeon Crawl Stone Soup version 0.30-a0-586-g23e55c9e0a (webtiles) character file.

Game seed: 2782715882091741853

863 Citaku the Covered (level 7, -1/91 HPs)
             Began as a Minotaur Fighter on Jan 3, 2023.
             Was an Initiate of Wu Jian.
             Killed from afar by an orc wizard (8 damage)
             ... with a magic dart
             ... on level 6 of the Dungeon.
             The game lasted 00:08:34 (4108 turns).

Citaku the Covered (Minotaur Fighter)               Turns: 4108, Time: 00:08:34

Health: -1/91      AC: 10    Str: 21    XL:     7   Next: 72%
Magic:  6/6        EV: 10    Int:  7    God:    Wu Jian [......]
Gold:   257        SH:  7    Dex: 17    Spells: 6/6 levels left

rFire   . . .      SeeInvis .    a - +1 war axe
rCold   . . .      Faith    .    c - +1 buckler
rNeg    . . .      Spirit   .    D - +4 ring mail of Dim Light {Contam +Blink Regen+ Dex+8}
rPois   .          Reflect  .    (helmet restricted)
rElec   .          Harm     .    (no cloak)
rCorr   .          Rampage  .    (no gloves)
Will    ++...                    (no boots) Stlth
                                 (no amulet)
HPRegen 1.15/turn                m - ring of willpower
MPRegen 0.10/turn                t - ring of willpower

@: berserking, very quick
A: horns 2, retaliatory headbutt
a: Renounce Religion, Evoke Blink


You were on level 6 of the Dungeon.
You worshipped Wu Jian.
Wu Jian was noncommittal.
You visited 1 branch of the dungeon, and saw 6 of its levels.

You collected 257 gold pieces.

Inventory:

Hand Weapons
 a - a +1 war axe (weapon)
Armour
 c - a +1 buckler (worn)
 D - the +4 ring mail of Dim Light (worn) {Contam +Blink Regen+ Dex+8}
   (You found it on level 5 of the Dungeon)

   Dex:       It affects your dexterity (+8).
   +Blink:    It lets you blink.
   Contam:    It causes magical contamination when unequipped.
   Regen:     It increases your rate of health regeneration.
Jewellery
 h - a +5 ring of evasion
 m - a ring of willpower (left hand)
 t - a ring of willpower (right hand)
Wands
 r - a wand of iceblast (9)
 u - a wand of mindburst (19)
Scrolls
 e - 4 scrolls of blinking
 f - 2 scrolls of identify
 i - a scroll of brand weapon
 j - 4 scrolls of fear
 k - a scroll of teleportation {unknown}
Potions
 d - 2 potions of might
 g - 2 potions of attraction
 p - a potion of resistance
 q - 2 potions of curing
 A - a potion of cancellation


   Skills:
 + Level 5.5 Fighting
 * Level 6.5 Axes
 * Level 7.0 Armour
 + Level 5.6 Shields


You had 6 spell levels left.
You didn't know any spells.
Your spell library contained the following spells:

 Spells                   Type           Power      Damage    Failure   Level
 Ensorcelled Hibernation  Hex/Ice        0%         N/A       80%         2
 Sublimation of Blood     Necr           0%         N/A       80%         2
 Wereblood                Tmut           0%         N/A       80%         2
 Spider Form              Tmut/Pois      0%         N/A       95%         3
 Anguish                  Hex/Necr       0%         N/A       100%        4
 Petrify                  Tmut/Erth      0%         N/A       100%        4
 Metabolic Englaciation   Hex/Ice        0%         N/A       100%        5
 Statue Form              Tmut/Erth      0%         N/A       100%        6
 Summon Hydra             Summ           0%         N/A       100%        7


Dungeon Overview and Level Annotations

Branches:
Dungeon (6/15)
 Temple: D:4-7

Altars:
Wu Jian

Shops:
D:3 ?   D:5 :


Innate Abilities, Weirdness & Mutations

You have a pair of horns on your head.
You reflexively headbutt those who attack you in melee.


Message History

You hit the orc warrior but do no damage.
Your headbutt misses the orc warrior.
The orc warrior is heavily wounded.
The orc warrior hits you with a +0 battleaxe!
You hit the orc warrior.
You headbutt the orc warrior, but do no damage.
The orc warrior is severely wounded.
The orc warrior hits you with a +0 battleaxe!
You hit the orc warrior.
The orc warrior is severely wounded.
You block the orc warrior's attack.
You closely miss the orc warrior.
The orc warrior is severely wounded.
The orc warrior hits you with a +0 battleaxe.
The orc warrior hits you with a +0 battleaxe!
You hit the orc warrior but do no damage.
The orc warrior is severely wounded.
You block the orc warrior's attack.
A red film seems to cover your vision as you go berserk!
You feel yourself moving faster!
You feel mighty!
The orc warrior hits you with a +0 battleaxe!
* * * LOW HITPOINT WARNING * * *
You are too berserk!
Okay, then.
You closely miss the orc warrior.
The orc warrior is severely wounded.
The orc warrior hits you with a +0 battleaxe!
* * * LOW HITPOINT WARNING * * *
You hit the orc warrior but do no damage.
The orc warrior is severely wounded.
The orc warrior hits you with a +0 battleaxe!
* * * LOW HITPOINT WARNING * * *
You slash the orc warrior!
You kill the orc warrior!
The Council accepts your kill.
Your Armour skill increases to level 7!
You hear some strange, mumbled words.
A magic dart appears from out of thin air!
The magic dart hits you!
You die... ######.##. +.@{oo.... ######.###

You could see 2 orcs.

Vanquished Creatures
  An orc warrior (D:6)
  An ogre (D:5)
  A phantom (D:5)
  A bullfrog (D:5)
  3 scorpions
  A jelly (D:5)
  2 orc priests (D:3)
  2 hounds (D:5)
  An iguana (D:4)
  Robin (D:4)
  10 adders
  An ufetubus (D:4)
  A worm (D:2)
  A dart slug (D:2)
  6 orcs (D:3)
  12 ball pythons
  7 endoplasms
  3 giant cockroaches
  16 goblins
  4 hobgoblins
  3 quokkas
  6 frilled lizards
  12 kobolds
  7 rats
103 creatures vanquished.

Notes
Turn   | Place    | Note
-------+----------+-------------------------------------------
     0 | D:1      | Citaku the Minotaur Fighter began the quest for the Orb.
     0 | D:1      | Reached XP level 1. HP: 19/19 MP: 0/0
   130 | D:1      | Reached XP level 2. HP: 26/27 MP: 1/1
   317 | D:1      | Reached skill level 4 in Armour
   643 | D:2      | Reached XP level 3. HP: 33/33 MP: 2/2
   914 | D:2      | Reached XP level 4. HP: 40/40 MP: 3/3
  1078 | D:2      | Found a faded altar of an unknown god.
  1353 | D:3      | Reached skill level 5 in Armour
  1353 | D:3      | Reached XP level 5. HP: 18/47 MP: 4/4
  1701 | D:3      | Found The Oracle's Delphic Readings.
  1847 | D:3      | Found an ornate altar of the Wu Jian Council.
  1854 | D:3      | Became a worshipper of the Wu Jian Council
  2329 | D:4      | Reached XP level 6. HP: 53/53 MP: 5/5
  2461 | D:4      | Noticed Robin
  2470 | D:4      | Reached skill level 5 in Axes
  2472 | D:4      | Killed Robin
  2987 | D:5      | Entered Level 5 of the Dungeon
  3040 | D:5      | Found Cureleof's Book Boutique.
  3063 | D:5      | Identified the +4 ring mail of Dim Light {Contam +Blink
                  | Regen+ Dex+8}
  3328 | D:5      | Reached skill level 6 in Armour
  3413 | D:5      | Reached skill level 5 in Fighting
  3413 | D:5      | Reached skill level 5 in Shields
  3465 | D:5      | Reached XP level 7. HP: 61/61 MP: 6/6
  4108 | D:6      | Reached skill level 7 in Armour
  4108 | D:6      | Killed from afar by an orc wizard

Illustrated notes

Levels and vault maps discovered:
D:1:      saegor_arrival_simple_d, layout_rooms
D:2:      layout_loops_ring, nicolae_ecumenical_oubliette, minmay_pentomino_pile
D:3:      layout_basic, nzn_wu_jian_council_hall, nicolae_nh_oracle_at_delphi
D:4:      layout_loops_ring, uniq_robin
D:5:      layout_loops_corners, serial_shops, nicolae_shop_stone
D:6:      wander_guarded_unrand_ratskin, layout_basic,
          minmay_temple_entry_slanted, serial_rivers,
          chequers_serial_rivers_micro_a, chequers_serial_rivers_micro_d,
          chequers_serial_rivers_small_b, chequers_serial_rivers_small_b,
          chequers_serial_rivers_small_a, chequers_serial_rivers_micro_a

Skill      XL: |  1  2  3  4  5  6  7 |
---------------+----------------------+-----
Armour         | 4 5 6 7 |  7.0
Axes           | 3 4 5 6 |  6.5
Fighting       | 4 5 |  5.5
Shields        | 4 5 |  5.6

Action                   |  1- 3 |  4- 6 |  7- 9 || total
-------------------------+-------+-------+-------++-------
Melee: War axe           |    65 |   114 |    32 ||   211
       Headbutt          |     4 |    20 |     4 ||    28
       Unarmed           |       |     8 |       ||     8
Invok: Lunge             |       |    11 |     1 ||    12
  Use: Scroll            |       |    12 |       ||    12
       Potion            |       |     8 |     1 ||     9
Armor: Scale mail        |    41 |    36 |       ||    77
       Ring mail         |       |     7 |    10 ||    17
Dodge: Dodged            |    49 |    66 |     7 ||   122
Block: Buckler           |    19 |    28 |    10 ||    57

Table legend: (Time is in decaauts)
 A = Elapsed time spent in this place.
 B = Non-inter-level travel time spent in this place.
 C = Inter-level travel time spent in this place.
 D = Time resting spent in this place.
 E = Time spent auto-exploring this place.
 F = Levels seen in this place.
 G = Mean time per level.
                   A        B        C        D        E       F      G
               +--------+--------+--------+--------+--------+-----+--------+
         Total |   4170 |   4170 |      0 |    198 |   2957 |   6 |  695.0 |
       Dungeon |   4170 |   4170 |      0 |    198 |   2957 |   6 |  695.0 |
               +--------+--------+--------+--------+--------+-----+--------+

Top non-repeatable levels by time:
     D:5: 1111 daAuts
     D:3: 995 daAuts
     D:2: 797 daAuts
     D:4: 759 daAuts
     D:1: 489 daAuts
     D:6: 16 daAuts
